General information
- name: BNet
- type: Ladder team game (AT/RT)
- host: Battle.net
- saver: volcanoe-lord
map: MarketSquare
- players: 8
- length: 70:56
- speed: Fast
- version: 1.26 W3XP
- replay type: Public
» download(329 KB)
Players
team 1 (loser)

»
Gordon (
purple | 103 APM | 2408 actions | 23:24)
5 Blademaster
1 Critical Strike
3 Wind Walk
1 Bladestorm
4 Shadow Hunter
2 Healing Wave
2 Hex
» actions
| Assign group hotkey | 242 | |
| Basic commands | 42 | |
| Build / train | 70 | |
| ESC pressed | 34 | |
| Enter build submenu | 25 | |
| Enter hero's abilities submenu | 9 | |
| Give item / drop item | 2 | |
| Remove unit from queue | 3 | |
| Right click | 1114 | |
| Select / deselect | 351 | |
| Select group hotkey | 292 | |
| Use ability | 224 | |
2408 total
» units
| Peon | 14 | |
| Grunt | 10 | |
| Wind Rider | 2 | |
| Troll Batrider | 8 | |
34 total
» upgrades
| Berserker Strength | 1 | |
| Envenomed Spears | 1 | |
| Reinforced Defenses | 1 | |
| Liquid Fire | 2 | |
| Ranged Weapons | 2 | |
| Armor | 1 | |
8 total
» buildings
| Orc Burrow | 4 | |
| Altar of Storms | 1 | |
| Barracks | 1 | |
| Voodoo Lounge | 1 | |
| Stronghold | 2 | |
| Fortress | 2 | |
| Beastiary | 2 | |
| War Mill | 1 | |
| Great Hall | 3 | |
| Watch Tower | 8 | |
25 total
» build order
00:20 Orc Burrow
00:24 Altar of Storms
00:57 Barracks
01:24 Orc Burrow
01:47 Voodoo Lounge
04:12 Stronghold
04:12 Stronghold
04:16 Orc Burrow
04:16 Orc Burrow
06:44 Fortress
06:44 Fortress
07:08 Beastiary
07:09 Beastiary
09:19 War Mill
09:29 Great Hall
10:52 Great Hall
13:41 Watch Tower
13:42 Watch Tower
13:44 Watch Tower
13:47 Watch Tower
17:52 Great Hall
18:00 Watch Tower
18:02 Watch Tower
18:37 Watch Tower
18:37 Watch Tower
» items
| Scroll of Town Portal | 1 | |
| Boots of Speed | 2 | |
| Orb of Lightning | 1 | |
| Staff of Teleportation | 1 | |
5 total
Beowulf (
blue | 75 APM | 5338 actions | 70:53)
9 Archmage
3 Summon Water Elemental
3 Brilliance Aura
2 Blizzard
1 Mass Teleport
» actions
| Assign group hotkey | 146 | |
| Basic commands | 161 | |
| Build / train | 191 | |
| ESC pressed | 16 | |
| Enter build submenu | 63 | |
| Enter hero's abilities submenu | 11 | |
| Give item / drop item | 12 | |
| Remove unit from queue | 1 | |
| Right click | 1587 | |
| Select / deselect | 564 | |
| Select group hotkey | 1867 | |
| Use ability | 719 | |
5338 total
» units
| Peasant | 31 | |
| Footman | 4 | |
| Sorceress | 1 | |
| Rifleman | 2 | |
| Dragonhawk Rider | 4 | |
| Gryphon Rider | 5 | |
47 total
» upgrades
| Masonry | 4 | |
| Lumber Harvesting | 2 | |
| Swords | 3 | |
| Sorceress Training | 2 | |
| Armor | 3 | |
| Animal War Training | 1 | |
| Storm Hammers | 1 | |
| Cloud | 1 | |
| Priest Training | 2 | |
| Magic Sentry | 2 | |
21 total
» buildings
| Altar of Kings | 1 | |
| Barracks | 1 | |
| Farm | 5 | |
| Arcane Vault | 1 | |
| Lumber Mill | 1 | |
| Town Hall | 14 | |
| Keep | 3 | |
| Scout Tower | 29 | |
| Guard Tower | 48 | |
| Blacksmith | 1 | |
| Arcane Sanctum | 1 | |
| Castle | 3 | |
| Gryphon Aviary | 7 | |
115 total
» build order
00:58 Altar of Kings
01:02 Barracks
01:03 Farm
01:08 Farm
01:24 Farm
01:54 Arcane Vault
02:28 Farm
02:34 Lumber Mill
03:20 Farm
04:16 Town Hall
04:30 Keep
04:30 Keep
05:05 Scout Tower
05:06 Scout Tower
05:07 Scout Tower
05:36 Guard Tower
05:36 Guard Tower
05:37 Guard Tower
05:43 Guard Tower
05:43 Guard Tower
06:15 Blacksmith
06:56 Arcane Sanctum
08:44 Castle
08:45 Castle
08:57 Gryphon Aviary
08:58 Gryphon Aviary
09:11 Scout Tower
09:14 Scout Tower
09:16 Scout Tower
09:17 Scout Tower
09:18 Scout Tower
09:21 Scout Tower
09:22 Scout Tower
09:24 Scout Tower
09:24 Scout Tower
09:25 Scout Tower
09:26 Scout Tower
09:44 Guard Tower
09:45 Guard Tower
09:45 Guard Tower
09:45 Guard Tower
09:45 Guard Tower
09:58 Guard Tower
13:47 Guard Tower
13:47 Guard Tower
13:54 Scout Tower
13:55 Scout Tower
13:56 Scout Tower
13:58 Scout Tower
13:59 Scout Tower
17:09 Gryphon Aviary
17:09 Gryphon Aviary
20:27 Gryphon Aviary
20:41 Town Hall
21:03 Scout Tower
21:04 Scout Tower
21:05 Scout Tower
21:06 Scout Tower
21:08 Scout Tower
21:10 Scout Tower
21:11 Scout Tower
21:27 Gryphon Aviary
21:30 Gryphon Aviary
24:27 Guard Tower
24:27 Guard Tower
24:27 Guard Tower
24:28 Guard Tower
24:28 Guard Tower
24:38 Guard Tower
24:38 Guard Tower
24:38 Guard Tower
24:42 Guard Tower
24:42 Guard Tower
24:42 Guard Tower
25:31 Guard Tower
25:31 Guard Tower
26:18 Guard Tower
26:19 Guard Tower
26:19 Guard Tower
26:46 Guard Tower
26:47 Guard Tower
27:04 Guard Tower
29:30 Town Hall
29:40 Town Hall
33:39 Scout Tower
33:40 Scout Tower
33:41 Scout Tower
34:21 Guard Tower
34:21 Guard Tower
34:59 Town Hall
37:46 Town Hall
43:42 Town Hall
48:48 Town Hall
57:07 Town Hall
61:57 Town Hall
64:18 Town Hall
64:31 Town Hall
68:15 Town Hall
70:21 Town Hall
» items
| Scroll of Regeneration | 12 | |
| Staff of Teleportation | 1 | |
| Boots of Speed | 1 | |
| Periapt of Vitality | 1 | |
| Tome of Retraining | 1 | |
| Potion of Invisibility | 2 | |
| Scroll of Town Portal | 5 | |
| Potion of Healing | 2 | |
| Staff of Sanctuary | 1 | |
| Mechanical Critter | 2 | |
28 total

»
BarzyBar (
orange | 48 APM | 1058 actions | 21:59)
4 Pandaren Brewmaster
2 Breath of Fire
2 Drunken Brawler
1 Paladin
1 Devotion Aura
» actions
| Assign group hotkey | 20 | |
| Basic commands | 56 | |
| Build / train | 62 | |
| Enter build submenu | 27 | |
| Enter hero's abilities submenu | 7 | |
| Give item / drop item | 2 | |
| Remove unit from queue | 2 | |
| Right click | 335 | |
| Select / deselect | 269 | |
| Select group hotkey | 239 | |
| Use ability | 38 | |
1058 total
» units
| Peasant | 13 | |
| Footman | 14 | |
| Knight | 7 | |
34 total
» upgrades
| Swords | 3 | |
| Plating | 2 | |
| Lumber Harvesting | 1 | |
| Animal War Training | 1 | |
| Priest Training | 1 | |
8 total
» buildings
| Altar of Kings | 1 | |
| Farm | 11 | |
| Barracks | 2 | |
| Blacksmith | 1 | |
| Scout Tower | 7 | |
| Keep | 1 | |
| Arcane Vault | 1 | |
| Arcane Tower | 2 | |
| Lumber Mill | 1 | |
| Castle | 1 | |
| Arcane Sanctum | 1 | |
| Guard Tower | 3 | |
32 total
» build order
00:10 Altar of Kings
00:13 Farm
00:24 Barracks
01:01 Farm
01:40 Blacksmith
02:11 Farm
04:35 Scout Tower
04:39 Farm
04:41 Farm
06:28 Keep
07:27 Scout Tower
07:47 Arcane Vault
07:56 Arcane Tower
08:00 Scout Tower
08:07 Lumber Mill
08:31 Farm
08:35 Farm
09:08 Scout Tower
09:50 Castle
09:53 Barracks
09:56 Farm
10:00 Arcane Sanctum
10:02 Guard Tower
10:23 Farm
10:24 Farm
10:57 Guard Tower
11:08 Farm
11:11 Scout Tower
13:56 Scout Tower
14:27 Arcane Tower
15:50 Guard Tower
15:52 Scout Tower
» items
| Scroll of Regeneration | 2 | |
| Periapt of Vitality | 1 | |
| Scroll of Town Portal | 1 | |
4 total
alexd9 (
green | 40 APM | 920 actions | 22:48)
5 Paladin
1 Holy Light
3 Devotion Aura
1 Divine Shield
1 Mountain King
1 Thunder Clap
» actions
| Assign group hotkey | 27 | |
| Build / train | 54 | |
| ESC pressed | 4 | |
| Enter build submenu | 25 | |
| Enter hero's abilities submenu | 6 | |
| Right click | 325 | |
| Select / deselect | 153 | |
| Select group hotkey | 281 | |
| Use ability | 45 | |
920 total
» units
| Peasant | 11 | |
| Footman | 6 | |
| Rifleman | 14 | |
| Assassin | 1 | |
| Priest | 1 | |
33 total
» upgrades
| Plating | 1 | |
| Swords | 1 | |
| Gunpowder | 2 | |
| Armor | 1 | |
| Long Rifles | 1 | |
| Priest Training | 1 | |
7 total
» buildings
| Altar of Kings | 1 | |
| Barracks | 2 | |
| Farm | 11 | |
| Blacksmith | 1 | |
| Lumber Mill | 1 | |
| Town Hall | 1 | |
| Keep | 1 | |
| Arcane Sanctum | 1 | |
| Workshop | 1 | |
| Scout Tower | 4 | |
| Guard Tower | 4 | |
28 total
» build order
00:08 Altar of Kings
00:17 Barracks
00:25 Farm
01:05 Farm
01:48 Farm
02:23 Blacksmith
02:31 Farm
03:11 Farm
03:37 Barracks
04:26 Farm
06:15 Farm
06:27 Lumber Mill
06:51 Farm
07:33 Farm
08:29 Town Hall
09:31 Farm
10:16 Keep
10:32 Farm
13:14 Arcane Sanctum
13:21 Workshop
18:06 Scout Tower
18:42 Scout Tower
18:46 Guard Tower
19:14 Scout Tower
19:17 Guard Tower
19:43 Guard Tower
20:19 Scout Tower
20:59 Guard Tower
» items
team 2 (winner)
dewgubbe (
red | 38 APM | 1480 actions | 38:33)
5 Keeper of the Grove
2 Force of Nature
3 Entangling Roots
5 Priestess of the Moon
2 Searing Arrows
3 Trueshot Aura
» actions
| Assign group hotkey | 12 | |
| Basic commands | 35 | |
| Build / train | 133 | |
| ESC pressed | 9 | |
| Enter build submenu | 25 | |
| Enter hero's abilities submenu | 10 | |
| Give item / drop item | 1 | |
| Right click | 528 | |
| Select / deselect | 512 | |
| Select group hotkey | 95 | |
| Use ability | 119 | |
1480 total
» units
| Wisp | 52 | |
| Archer | 5 | |
| Huntress | 5 | |
| Dryad | 18 | |
| Druid of the Talon | 15 | |
| Hippogryph | 3 | |
98 total
» upgrades
| Strength of the Wild | 3 | |
| Abolish Magic | 1 | |
| Druid of the Talon Training | 2 | |
| Well Spring | 1 | |
| Reinforced Hides | 3 | |
| Mark of the Talon | 1 | |
| Ultravision | 1 | |
12 total
» buildings
| Moon Well | 8 | |
| Altar of Elders | 1 | |
| Ancient of War | 1 | |
| Hunter's Hall | 1 | |
| Tree of Ages | 1 | |
| Tree of Life | 8 | |
| Ancient of Lore | 2 | |
| Ancient of Wind | 2 | |
| Tree of Eternity | 1 | |
| Ancient Protector | 1 | |
26 total
» build order
00:14 Moon Well
00:24 Altar of Elders
00:58 Ancient of War
01:37 Moon Well
02:04 Hunter's Hall
03:34 Tree of Ages
03:54 Moon Well
06:04 Tree of Life
06:15 Ancient of Lore
06:23 Ancient of Wind
07:23 Tree of Eternity
07:46 Moon Well
09:06 Ancient of Lore
09:11 Ancient of Wind
09:23 Moon Well
13:22 Moon Well
13:44 Moon Well
13:48 Moon Well
24:37 Tree of Life
24:40 Tree of Life
26:51 Tree of Life
31:23 Tree of Life
31:33 Ancient Protector
31:43 Tree of Life
32:26 Tree of Life
33:49 Tree of Life
» items
| Scroll of Town Portal | 3 | |
| Orb of Fire | 1 | |
| Circlet of Nobility | 2 | |
| Periapt of Vitality | 2 | |
| Staff of Teleportation | 1 | |
9 total
AmblingAlp (
pink | 33 APM | 2325 actions | 70:53)
7 Blademaster
3 Wind Walk
3 Critical Strike
1 Bladestorm
» actions
| Assign group hotkey | 53 | |
| Basic commands | 263 | |
| Build / train | 77 | |
| Enter build submenu | 49 | |
| Enter hero's abilities submenu | 7 | |
| Give item / drop item | 13 | |
| Remove unit from queue | 1 | |
| Right click | 894 | |
| Select / deselect | 443 | |
| Select group hotkey | 335 | |
| Use ability | 190 | |
2325 total
» units
| Peon | 15 | |
| Grunt | 4 | |
| Troll Batrider | 19 | |
| Wind Rider | 2 | |
40 total
» upgrades
| Ranged Weapons | 3 | |
| Armor | 3 | |
| Troll Regeneration | 1 | |
| Liquid Fire | 1 | |
| Reinforced Defenses | 1 | |
9 total
» buildings
| Orc Burrow | 5 | |
| Altar of Storms | 1 | |
| Barracks | 1 | |
| Stronghold | 1 | |
| Voodoo Lounge | 1 | |
| War Mill | 1 | |
| Great Hall | 2 | |
| Beastiary | 4 | |
| Watch Tower | 30 | |
| Fortress | 1 | |
47 total
» build order
00:11 Orc Burrow
01:11 Altar of Storms
01:13 Barracks
01:16 Orc Burrow
02:49 Stronghold
04:00 Voodoo Lounge
04:53 War Mill
05:08 Great Hall
05:35 Beastiary
05:38 Beastiary
06:08 Watch Tower
06:08 Watch Tower
07:10 Watch Tower
07:12 Watch Tower
07:21 Orc Burrow
07:24 Watch Tower
07:38 Watch Tower
08:19 Watch Tower
08:49 Watch Tower
08:50 Watch Tower
10:46 Watch Tower
10:48 Watch Tower
12:27 Fortress
14:37 Orc Burrow
14:41 Watch Tower
17:49 Beastiary
17:51 Beastiary
21:41 Watch Tower
21:42 Watch Tower
21:42 Watch Tower
22:33 Great Hall
22:35 Watch Tower
22:36 Watch Tower
29:19 Orc Burrow
31:08 Watch Tower
32:31 Watch Tower
32:32 Watch Tower
32:33 Watch Tower
32:35 Watch Tower
32:37 Watch Tower
36:23 Watch Tower
36:24 Watch Tower
36:25 Watch Tower
36:29 Watch Tower
36:29 Watch Tower
36:31 Watch Tower
36:32 Watch Tower
» items
| Healing Salve | 3 | |
| Lesser Clarity Potion | 2 | |
| Boots of Speed | 1 | |
| Dust of Appearance | 2 | |
| Potion of Healing | 2 | |
| Scroll of Town Portal | 3 | |
| Periapt of Vitality | 2 | |
| Staff of Teleportation | 1 | |
16 total
volcanoe-lord (
yellow | 45 APM | 3172 actions | 70:56)
8 Archmage
2 Summon Water Elemental
3 Brilliance Aura
2 Blizzard
1 Mass Teleport
» actions
| Assign group hotkey | 84 | |
| Basic commands | 83 | |
| Build / train | 102 | |
| Enter build submenu | 25 | |
| Enter hero's abilities submenu | 7 | |
| Give item / drop item | 4 | |
| Right click | 1269 | |
| Select / deselect | 384 | |
| Select group hotkey | 983 | |
| Use ability | 231 | |
3172 total
» units
| Peasant | 18 | |
| Footman | 6 | |
| Rogue | 1 | |
| Kobold Geomancer | 1 | |
| Dragonhawk Rider | 9 | |
| Gryphon Rider | 7 | |
42 total
» upgrades
| Masonry | 2 | |
| Lumber Harvesting | 2 | |
| Cloud | 1 | |
| Magic Sentry | 1 | |
| Animal War Training | 1 | |
| Gunpowder | 1 | |
| Swords | 2 | |
| Armor | 2 | |
12 total
» buildings
| Altar of Kings | 1 | |
| Barracks | 1 | |
| Farm | 10 | |
| Scout Tower | 17 | |
| Arcane Tower | 1 | |
| Town Hall | 2 | |
| Lumber Mill | 2 | |
| Keep | 1 | |
| Arcane Vault | 1 | |
| Guard Tower | 8 | |
| Castle | 2 | |
| Gryphon Aviary | 4 | |
| Blacksmith | 1 | |
| Arcane Sanctum | 1 | |
52 total
» build order
00:15 Altar of Kings
00:21 Barracks
00:35 Farm
00:51 Farm
01:36 Farm
01:40 Scout Tower
02:19 Arcane Tower
03:02 Farm
04:23 Town Hall
04:26 Lumber Mill
04:37 Lumber Mill
05:03 Keep
05:13 Arcane Vault
05:29 Scout Tower
05:29 Scout Tower
05:29 Scout Tower
06:08 Guard Tower
06:51 Scout Tower
06:52 Scout Tower
06:52 Scout Tower
06:53 Scout Tower
07:27 Guard Tower
07:28 Guard Tower
07:37 Scout Tower
07:37 Scout Tower
07:38 Scout Tower
07:38 Scout Tower
07:38 Scout Tower
07:39 Scout Tower
08:25 Guard Tower
09:11 Guard Tower
09:57 Castle
09:57 Castle
10:33 Gryphon Aviary
11:13 Gryphon Aviary
11:29 Farm
11:30 Farm
11:32 Farm
13:54 Blacksmith
13:58 Scout Tower
13:58 Scout Tower
13:58 Scout Tower
15:15 Guard Tower
15:16 Guard Tower
15:48 Arcane Sanctum
24:59 Gryphon Aviary
25:00 Gryphon Aviary
25:35 Town Hall
26:24 Farm
26:24 Farm
26:25 Farm
» items
| Staff of Teleportation | 1 | |
| Scroll of Regeneration | 2 | |
| Lesser Clarity Potion | 1 | |
| Potion of Healing | 1 | |
| Tome of Retraining | 1 | |
| Potion of Lesser Invulnerability | 4 | |
| Boots of Speed | 1 | |
| Potion of Invisibility | 6 | |
| Scroll of Town Portal | 2 | |
| Scroll of Healing | 1 | |
| Potion of Mana | 2 | |
22 total

»
biggie (
teal | 26 APM | 1815 actions | 70:45)
4 Archmage
1 Summon Water Elemental
1 Brilliance Aura
2 Blizzard
3 Paladin
1 Holy Light
1 Divine Shield
1 Devotion Aura
» actions
| Assign group hotkey | 34 | |
| Basic commands | 12 | |
| Build / train | 110 | |
| Enter build submenu | 35 | |
| Enter hero's abilities submenu | 7 | |
| Give item / drop item | 1 | |
| Right click | 660 | |
| Select / deselect | 506 | |
| Select group hotkey | 361 | |
| Use ability | 87 | |
1815 total
» units
| Peasant | 40 | |
| Footman | 6 | |
| Mortar Team | 11 | |
| Rifleman | 6 | |
| Siege Engine | 6 | |
69 total
» upgrades
| Fragmentation Shards | 1 | |
| Gunpowder | 2 | |
| Long Rifles | 1 | |
| Armor | 2 | |
| Flare | 1 | |
| Barrage | 1 | |
| Plating | 2 | |
10 total
» buildings
| Altar of Kings | 1 | |
| Barracks | 1 | |
| Farm | 11 | |
| Scout Tower | 20 | |
| Arcane Tower | 3 | |
| Lumber Mill | 1 | |
| Arcane Vault | 1 | |
| Blacksmith | 1 | |
| Keep | 1 | |
| Guard Tower | 7 | |
| Town Hall | 2 | |
| Castle | 1 | |
| Workshop | 2 | |
52 total
» build order
00:17 Altar of Kings
00:29 Barracks
00:44 Farm
01:23 Farm
01:49 Scout Tower
02:41 Scout Tower
02:44 Arcane Tower
03:27 Farm
03:29 Farm
03:50 Lumber Mill
04:28 Arcane Vault
04:44 Farm
04:46 Arcane Tower
04:51 Blacksmith
05:13 Scout Tower
05:33 Keep
06:51 Guard Tower
07:27 Farm
07:29 Farm
08:48 Town Hall
09:03 Scout Tower
09:04 Scout Tower
09:05 Scout Tower
09:07 Scout Tower
09:08 Scout Tower
09:14 Castle
09:16 Workshop
09:22 Workshop
10:05 Guard Tower
10:08 Guard Tower
10:14 Scout Tower
10:29 Farm
10:32 Farm
12:50 Scout Tower
12:51 Scout Tower
12:53 Scout Tower
13:24 Guard Tower
13:25 Guard Tower
14:03 Scout Tower
14:04 Scout Tower
14:22 Arcane Tower
21:18 Farm
21:19 Farm
32:56 Scout Tower
32:58 Scout Tower
33:01 Scout Tower
33:29 Guard Tower
33:42 Scout Tower
33:48 Scout Tower
33:50 Scout Tower
34:50 Guard Tower
36:34 Town Hall
» items
| Scroll of Regeneration | 3 | |
| Ivory Tower | 3 | |
| Scroll of Town Portal | 1 | |
| Potion of Healing | 1 | |
| Orb of Lightning | 1 | |
| Tiny Great Hall | 1 | |
10 total
Chat log
(00:07 / All) BarzyBar: Biggie :D
(00:10 / All) biggie: sup
(00:15 / All) BarzyBar: GO CANADA
(00:22 / All) biggie: LOL FK DA USA
(00:25 / All) biggie: CANADA GOLD
(00:28 / All) BarzyBar: haha
(00:30 / All) volcanoe-lord: FRENCh canadia #1
(00:35 / All) biggie: ewwww
(00:36 / All) BarzyBar: GOLD FOR CANADA
(00:40 / All) biggie: fk da french too
(00:44 / All) volcanoe-lord: y dont pple like french canadians
(00:45 / All) BarzyBar: greatest country in hockey
(00:49 / All) Beowulf: They're rude
(00:54 / All) BarzyBar: lol
(00:54 / All) Beowulf: rudeness is in their blood
(00:55 / Allies) biggie: well tbh they are snobby
(01:04 / All) AmblingAlp: No one else really plays hockey
(01:07 / All) biggie: snobbieness
(01:10 / All) BarzyBar: haha
(01:30 / All) AmblingAlp: it's like the US bragging about baseball and basketball
(01:36 / All) AmblingAlp: and American football
(01:39 / All) biggie: if murrica won u would never hear pink saying things like this
(01:51 / All) biggie: murricans
(01:53 / All) BarzyBar: except hockey is much more potent all over the world
(01:56 / All) AmblingAlp: They've won like 3 medals total haven't they
(01:57 / All) BarzyBar: than football
(02:01 / All) AmblingAlp: Not really
(02:03 / All) BarzyBar: and basketlball and baseball
(02:05 / All) BarzyBar: YAh
(02:08 / All) BarzyBar: haha
(02:09 / All) biggie: ya it is lol
(02:12 / All) BarzyBar: Serious?
(02:15 / All) AmblingAlp: Basketball is more popular than hockey
(02:17 / All) biggie: and i like bsketball more
(02:24 / All) biggie: popular yes
(02:25 / All) BarzyBar: what country is close to usa in football?
(02:33 / All) AmblingAlp: American football, yes
(02:35 / All) BarzyBar: basketball?
(02:35 / All) biggie: but there arent as good players in other countries
(02:41 / All) AmblingAlp: Basketball is more international than hockey
(02:47 / All) BarzyBar: yes
(02:51 / All) BarzyBar: but thats not what im asking
(02:58 / All) biggie: but other than usa the talent isnt as good
(03:08 / All) AmblingAlp: that's not really true
(03:14 / All) biggie: compared to usa
(03:14 / All) AmblingAlp: there's plenty of talent in europe
(03:19 / All) BarzyBar: sure
(03:26 / All) BarzyBar: but not as much as there is talent for hockey
(03:33 / All) volcanoe-lord: basketball is a nigger sport
(03:37 / All) volcanoe-lord: hockey has surprassed it
(03:49 / All) AmblingAlp: It's basically Canada >>>> sweden >> russia
(03:54 / All) AmblingAlp: that's all
(03:54 / All) BarzyBar: no
(03:56 / All) BarzyBar: haha
(03:56 / All) biggie: usa
(03:58 / All) BarzyBar: ur dumb
(04:02 / All) biggie: and then what is it for basketball
(04:07 / All) BarzyBar: its canada > usa >russia>sweden\
(04:11 / All) biggie: mens usa team won by average of 40 points in 2012
(04:13 / All) AmblingAlp: Spain, Russia
(05:26 / All) AmblingAlp: and btw I was not rooting for USA in olympics
(05:30 / All) AmblingAlp: I was rooting for Russia and Germany
(05:36 / All) BarzyBar: overall?
(05:39 / All) BarzyBar: or hockey?
(05:39 / All) AmblingAlp: Yes
(05:42 / All) AmblingAlp: overall
(05:47 / All) biggie: who won
(05:49 / All) BarzyBar: wow, the first unpatriotic american
(05:58 / All) AmblingAlp: I was hoping USA would lose hockey
(06:00 / All) BarzyBar: jks :D
(06:09 / All) biggie: who was medal leader?
(06:14 / All) AmblingAlp: Russia
(06:15 / All) BarzyBar: NORWAY
(06:16 / Allies) volcanoe-lord: wood me plzz
(06:16 / All) AmblingAlp: 13 golds
(06:22 / All) biggie: then canada?
(06:32 / Allies) dewgubbe: creep middle
(06:34 / Allies) dewgubbe: all meet
(06:45 / Allies) biggie: units?
(07:13 / Allies) AmblingAlp: lumber
(07:27 / Allies) AmblingAlp: lumber
(08:04 / All) AmblingAlp: who got mask
(08:05 / Allies) biggie: units???
(08:07 / All) Gordon: wasnt one
(08:08 / Allies) biggie: not me
(08:12 / Allies) biggie: it was tome
(08:17 / All) biggie: who got tome
(08:17 / All) Gordon: tome of power and claws 6
(08:20 / All) Gordon: me
(08:28 / All) biggie: fukr
(08:28 / All) Beowulf: no claws 6
(08:31 / All) Beowulf: I got that elsewhere
(09:32 / All) AmblingAlp: I'm playing like shit because I was listening to music and talking
(09:46 / All) BarzyBar: lol
(09:53 / All) biggie: i always talk and listen to music
(10:20 / Allies) biggie: wood pls
(10:42 / Allies) biggie: can i has wood?
(11:56 / Allies) dewgubbe: b
(12:01 / Allies) volcanoe-lord: fight dude lol
(12:15 / Allies) biggie: wth
(12:51 / All) volcanoe-lord: psoitive purp is mhing
(13:48 / Allies) biggie: ful
(13:50 / Allies) biggie: fu
(13:51 / Allies) biggie: fuk
(14:13 / Allies) dewgubbe: can i have gold yellow
(14:28 / Allies) biggie: wood pls
(14:31 / Allies) biggie: comign
(14:57 / Allies) AmblingAlp: lumbers?
(15:21 / Allies) AmblingAlp: get sentry
(15:34 / Allies) dewgubbe: meet hit him
(15:35 / Allies) volcanoe-lord: short on wood
(15:55 / Allies) AmblingAlp: focus bm
(16:11 / Allies) AmblingAlp: sh
(16:20 / All) BarzyBar: god this team blows haha
(16:22 / Allies) biggie: shit fuk
(16:26 / All) BarzyBar: i wish you guyts could see thing
(16:27 / All) Beowulf: You're a part of it
(16:28 / All) BarzyBar: this
(16:34 / All) BarzyBar: blue has 5K
(16:48 / All) Beowulf: yeah and you can only dream of this amount of gold
(16:54 / All) biggie: lol
(16:58 / All) BarzyBar: haha
(17:31 / All) Beowulf: He has like 10 peasants on his mine
(17:35 / All) Beowulf: and is insulting his team
(17:49 / All) BarzyBar: what? lol
(17:55 / All) Beowulf: Well not anymor since I killed them
(18:15 / All) BarzyBar: blue team killer
(18:20 / Allies) AmblingAlp: make sentry towre in my base and expo
(18:28 / Allies) volcanoe-lord: y is he tking jesus
(18:31 / Allies) volcanoe-lord: this is gonna be a slow game
(18:34 / Allies) AmblingAlp: wtf
(18:38 / Allies) volcanoe-lord: quicik i mean
(18:41 / All) Beowulf: I'm not killing him off
(18:46 / All) Beowulf: I just want him to know his place
(18:53 / All) biggie: ohhhjh
(18:59 / All) biggie: assert ur domincance bule
(19:00 / All) biggie: blue
(19:03 / All) Beowulf: Yes
(19:10 / All) biggie: alpha
(19:18 / All) biggie: like when u yell at ur dog but pet him after
(19:23 / All) biggie: just to let him know ur the boss
(19:27 / All) Beowulf: lawl
(19:28 / All) Beowulf: yes
(19:38 / Allies) dewgubbe: coming teal
(19:39 / All) BarzyBar: blues no boss with 7K now
(19:39 / Allies) volcanoe-lord: ill cloud
(19:50 / All) Beowulf: I'll have more than that soon enough
(19:58 / All) BarzyBar: still a noob since when he bought it 10 years ago
(20:01 / Allies) dewgubbe: get readrr
(20:01 / All) biggie: well yellow has 10l
(20:05 / All) Beowulf: lol
(20:14 / All) Beowulf: You should shut the fuck up orange before I show you your place again
(20:21 / All) BarzyBar: blue likes dick
(20:37 / All) Beowulf: I sure don't, that's why I just exterminated part of one's base
(20:38 / All) volcanoe-lord: gj retard hacker
(20:43 / All) Gordon: LOL ME
(20:45 / All) Gordon: haha noob yelloow
(20:51 / All) volcanoe-lord: someones mad
(21:06 / All) Gordon: says the guy who saved up just so he could try to kill me
(21:09 / All) Gordon: nice try tho kiddo
(21:11 / All) AmblingAlp: hope the tome was worth it
(21:14 / All) AmblingAlp: you drew my ire
(21:18 / All) volcanoe-lord: i am still saving up lol
(21:19 / All) volcanoe-lord: 10k
(21:52 / All) Gordon: we klost
(21:53 / All) Gordon: its okay
(21:54 / All) biggie: look atur flying units gren
(21:57 / All) Gordon: i get top score anyways
(21:59 / All) volcanoe-lord: lol u would have lost anyways
(22:00 / All) biggie: LOL
(22:03 / All) biggie: THEYRE ALL FLYING
(22:07 / All) biggie: HURRICAN KATRINA
(22:08 / All) Beowulf: Orange is failing to tk me with a handful of units
(22:09 / All) biggie: IN UR BAE
(22:10 / All) dewgubbe: lol
(22:13 / All) biggie: BASE
(22:15 / All) dewgubbe: flying rifles
(22:27 / All) biggie: its like the circus hahaha
(22:30 / All) volcanoe-lord: u are really bad purp
(22:32 / All) volcanoe-lord: really
(22:41 / All) Beowulf: He's trying to tk t3 air with peons
(22:42 / All) Beowulf: and a sh
(22:44 / All) dewgubbe: to bad hips cant kill flying rifles
(22:47 / All) Gordon: yellow talk to me when youre good k>?
(22:57 / All) Gordon: 1 yleow
(22:58 / All) volcanoe-lord: lawl
(23:00 / All) Gordon: learn to spell volcano
(23:01 / All) volcanoe-lord: 13k
(23:01 / All) Gordon: 2
(23:02 / All) volcanoe-lord: bro
(23:09 / All) volcanoe-lord: im still saving up
(23:13 / All) Gordon: lol
(23:14 / All) Gordon: dumbass
(23:20 / All) Gordon: get at my level kiddo
(23:24 / All) Gordon: welcome tot he bs list noobs
(23:24 / All) biggie: yellow wasnts to buy that bugatti
(23:27 / All) volcanoe-lord: lawl
(23:28 / All) Beowulf: lawl
(23:30 / All) Beowulf: they all raged out
(23:35 / All) volcanoe-lord: i know pissed when i see it
(24:23 / All) AmblingAlp: top score matters lawl
(24:31 / All) volcanoe-lord: i know a pissed player when i see it
(24:32 / All) biggie: matters sew much
(24:33 / All) volcanoe-lord: lemme whisper his ass
(24:35 / All) AmblingAlp: true mark of the nub
(24:59 / All) biggie: sp
(25:00 / All) biggie: so
(25:02 / All) biggie: who here
(25:05 / All) biggie: wants to join my clan
(25:09 / All) volcanoe-lord: which
(25:14 / All) biggie: clan nwo
(25:22 / All) Beowulf: fuck off illuminati
(25:24 / All) biggie: only boss nigas join
(25:30 / All) biggie: so if ur a boss niga
(25:33 / All) biggie: ull join
(25:53 / All) biggie: any1É
(26:32 / All) dewgubbe: blue you fucking suck
(26:35 / All) dewgubbe: lol
(27:17 / All) biggie: FLY FOOLS
(27:48 / All) Beowulf: If my shit allies gave me their wood this could have all been avoided
(28:19 / Allies) biggie: yelo
(28:23 / Allies) volcanoe-lord: oh shit
(28:24 / Allies) volcanoe-lord: sorry man
(28:26 / Allies) biggie: i try to get u a bugati and this is the thanks i get
(28:28 / Allies) volcanoe-lord: thought u were blue LOL
(28:32 / Allies) dewgubbe: give me gold puink
(28:33 / Allies) dewgubbe: fuck
(28:41 / Allies) AmblingAlp: I don't have a lot
(28:43 / Allies) dewgubbe: 13000
(28:46 / Allies) dewgubbe: you fucker
(28:49 / All) volcanoe-lord: im an idiot
(28:51 / Allies) dewgubbe: yellow?
(28:52 / All) volcanoe-lord: thogught
(28:53 / Allies) dewgubbe: what the fuck
(28:54 / All) volcanoe-lord: teal was blue
(28:55 / All) volcanoe-lord: stupid me
(28:56 / Allies) dewgubbe: give me some gold
(29:01 / Allies) AmblingAlp: That's pithy in today's economy
(29:19 / Allies) dewgubbe: teal gold?
(29:28 / All) volcanoe-lord: wtf
(29:29 / All) volcanoe-lord: red
(29:36 / Allies) biggie: yelo
(29:41 / Allies) biggie: u killed all my units
(29:41 / All) volcanoe-lord: back off man
(29:49 / All) volcanoe-lord: i leave u alone u leave me alone red
(29:51 / Allies) dewgubbe: give me some gold fuck head
(29:59 / All) volcanoe-lord: happy?
(30:09 / Allies) biggie: he said give him some head gold head
(30:21 / All) volcanoe-lord: im good at giving head
(30:23 / All) biggie: blue if u win
(30:32 / All) biggie: ur th ebest in this game forever in my eiz
(30:36 / All) volcanoe-lord: lol
(30:37 / All) AmblingAlp: He's Vito from the Sopranos
(30:52 / All) volcanoe-lord: die blue
(30:54 / All) volcanoe-lord: u noob
(31:25 / All) volcanoe-lord: u suck blue
(31:26 / All) volcanoe-lord: u noob
(31:44 / All) Beowulf: nice wisps
(31:49 / Allies) biggie: get ur gandalf away from my gandalf
(31:57 / All) volcanoe-lord: lawl
(32:19 / All) volcanoe-lord: cyclone is gay
(32:24 / All) Beowulf: yeah
(32:44 / All) biggie: whenever i see someone getting cycloned i start singing im a boss ass bitch bitch bitch
(32:46 / All) biggie: idk why
(33:14 / All) AmblingAlp: so that's how it's gonna be teal?
(33:38 / Allies) biggie: who the fuck told u to put ur tower here
(33:45 / Allies) AmblingAlp: I was being a good ally
(34:04 / All) dewgubbe: my team toatlly fucking sucks
(34:11 / All) volcanoe-lord: dude
(34:13 / All) Beowulf: You totally suck
(34:13 / All) volcanoe-lord: we're raping blue
(34:17 / All) Beowulf: You are the worst player on it
(34:29 / All) biggie: well i probably am but thats besides the point
(34:52 / Allies) AmblingAlp: That tower dies then all of army dies
(35:04 / Allies) biggie: he wants this from us
(35:07 / Allies) biggie: he wants us to tk
(35:09 / Allies) AmblingAlp: You've signed your own death warrant
(35:13 / Allies) AmblingAlp: Written in your own blood
(35:20 / Allies) biggie: ur weird
(35:32 / Allies) dewgubbe: thanks yellow
(35:32 / Allies) AmblingAlp: I am the law
(35:34 / Allies) dewgubbe: you fuck
(35:36 / Allies) AmblingAlp: You betrayed the law
(35:44 / All) volcanoe-lord: dude im blizzing blue
(35:51 / Allies) biggie: lel
(35:52 / Allies) biggie: lel
(35:53 / Allies) biggie: lel
(35:54 / Allies) biggie: le
(35:55 / Allies) biggie: lel
(35:56 / Allies) biggie: le
(35:57 / Allies) biggie: llel
(36:09 / Allies) biggie: yellow ognna make us lose
(36:10 / Allies) biggie: lel
(36:12 / Allies) biggie: lel
(36:13 / Allies) biggie: lel
(36:13 / Allies) biggie: lel
(36:14 / Allies) biggie: lel
(36:16 / All) volcanoe-lord: wtf
(36:23 / All) volcanoe-lord: stfu teal we are 5 min from winning
(36:29 / All) dewgubbe: fuck you yelllow
(36:38 / All) volcanoe-lord: y fuck me
(36:43 / All) volcanoe-lord: im mvp
(36:43 / All) dewgubbe: your the dumbest fuck ive ever played with
(36:47 / All) volcanoe-lord: lol
(36:52 / All) volcanoe-lord: im godly at blizzing
(36:57 / All) dewgubbe: gold me teal
(37:03 / Allies) biggie: OH NO
(37:10 / Allies) biggie: NOT THEBASE I DONT CARE ABOUT ANYMORE!!!
(37:14 / Allies) biggie: U FUCK U PINK
(37:15 / Allies) biggie: FUCKER
(37:24 / Allies) biggie: I DONT EVEN CARE ABOUT THAT BASE ANYMORE
(37:28 / All) dewgubbe: fuck this teal
(37:30 / All) volcanoe-lord: or ur tanks lol
(37:31 / All) dewgubbe: im out
(37:33 / All) volcanoe-lord: lawlz
(37:40 / All) dewgubbe: iver never seen such a group of fucks in my life
(37:43 / All) volcanoe-lord: LOL
(37:50 / All) volcanoe-lord: HEAL ME PALLY
(37:53 / All) dewgubbe: i wish i knew where pink and yellow lived
(37:57 / All) Beowulf: lol
(37:58 / All) AmblingAlp: time to die
(37:59 / All) dewgubbe: id go beat the fuck out of them personally
(38:01 / All) volcanoe-lord: WUT WOULD udo to us
(38:02 / All) volcanoe-lord: lol
(38:07 / Allies) biggie: yellow
(38:08 / All) volcanoe-lord: ud have to ask my parents first
(38:10 / All) volcanoe-lord: if u could cover over
(38:12 / Allies) biggie: ill geal u bro
(38:12 / All) dewgubbe: i know
(38:23 / All) dewgubbe: good job blue
(38:26 / All) dewgubbe: im out
(38:29 / All) Beowulf: lol
(38:31 / All) Beowulf: bye bye
(38:31 / All) biggie: blue
(38:33 / All) biggie: u beat us
(38:35 / All) volcanoe-lord: blue is awesome
(38:36 / All) biggie: with ur mind
(38:39 / All) biggie: jedi mind trix
(38:47 / Allies) biggie: yelow
(38:48 / Allies) biggie: come to my palu
(38:51 / Allies) biggie: il heal u
(39:16 / All) volcanoe-lord: lOL
(39:18 / All) biggie: LOL
(39:19 / All) biggie: HAHAHA
(39:24 / All) volcanoe-lord: i gone an goofd up
(39:30 / All) Beowulf: What happened
(39:41 / All) biggie: my wisps killed himk
(39:45 / All) volcanoe-lord: i blizz's his towers, his pesaants almost raped my hero then i died to my blizz
(39:46 / All) Beowulf: lol
(39:58 / All) Beowulf: that's like a mistake I'd make with my heroes
(40:13 / Allies) biggie: lol
(40:19 / Allies) biggie: why did u has to tp to my hero
(40:22 / All) volcanoe-lord: offering to the sun god pink
(40:23 / Allies) biggie: i was gonna shield
(40:36 / All) volcanoe-lord: i do not know teal
(40:37 / Allies) biggie: pink ur a fuckin wannabe
(40:40 / All) biggie: É
(40:40 / All) volcanoe-lord: lol
(40:43 / All) biggie: what u dont know
(40:44 / All) volcanoe-lord: teal called pink a wannabe
(40:59 / All) biggie: pink saw that blue and teal were trollin
(41:04 / All) biggie: so he decide to join
(41:07 / All) biggie: cus hes a sheep
(41:10 / All) biggie: ur a sheep pink
(41:13 / All) Beowulf: lol
(41:16 / All) AmblingAlp: You got it all figured out
(41:27 / All) biggie: hey sheep boy
(41:29 / All) biggie: y u tlaking
(41:31 / All) biggie: yellow is quiet
(41:38 / All) volcanoe-lord: i am no such thing
(41:46 / All) Beowulf: Teal you are complete fucking trash
(41:48 / All) AmblingAlp: Stats all 3 of us
(41:50 / All) volcanoe-lord: ill let u control my grifs
(42:02 / All) Beowulf: You lost so much shit to 1 fucking archmage in your base
(42:04 / All) Beowulf: with blizzard
(42:08 / All) Beowulf: your dumbass tried to surround it
(42:11 / All) Beowulf: lost footies to a spell
(42:12 / All) biggie: when did i say i was good tho
(42:14 / All) Beowulf: all that costed me was mana
(42:22 / All) biggie: but blue
(42:23 / All) Beowulf: You didn't but you need to know you're a fucking trashcan
(42:26 / All) biggie: when did i say i was good
(42:30 / All) Beowulf: ^^^
(42:58 / All) volcanoe-lord: teal is controling my griffs is that cool?
(43:38 / All) AmblingAlp: Red and teal didn't even notice me kill the KOTG lawl
(43:48 / All) volcanoe-lord: did we ever decide who got the tome of power
(43:52 / All) biggie: pink
(43:55 / All) biggie: no one cares aboutu
(44:01 / All) biggie: shut up nerd fuck
(44:11 / All) AmblingAlp: 166-179
(44:17 / All) volcanoe-lord: teals record?
(44:21 / All) biggie: oh no
(44:23 / All) AmblingAlp: yeah
(44:24 / All) Beowulf: what it is now
(44:26 / All) biggie: call the wc police
(44:26 / All) AmblingAlp: soon to be
(44:30 / All) biggie: to take my game away
(44:33 / All) volcanoe-lord: so teal, u called me cool and pink is a phony right, a sheep?
(44:33 / All) biggie: CALL THEM NOW PINK
(44:41 / All) AmblingAlp: why are you so mad?
(44:44 / All) biggie: phoneyya
(44:45 / All) AmblingAlp: Having problems?
(44:51 / All) volcanoe-lord: holden caufield phony
(44:59 / All) biggie: hey everybody
(45:01 / All) AmblingAlp: Having some difficulties with your ladder experience?
(45:04 / All) biggie: this guys a phoney
(45:09 / All) biggie: a big fat phoney
(45:35 / All) AmblingAlp: you are now aware that family guy fans are legally retarded
(45:45 / All) biggie: who said i wasnt
(45:51 / All) AmblingAlp: Not even your mother
(45:59 / All) Beowulf: At least he knows he's a retard and trash at WC3
(46:44 / All) volcanoe-lord: rezz of the zombies
(46:47 / All) volcanoe-lord: teal
(46:53 / All) Beowulf: Pro resurrect scrol
(46:54 / All) Beowulf: I like it
(46:58 / All) volcanoe-lord: ty ty
(48:27 / All) biggie: i get it
(48:31 / All) volcanoe-lord: wut
(48:31 / All) biggie: u guys are all boys huh
(48:54 / All) volcanoe-lord: they call me
(48:58 / All) volcanoe-lord: a 400 pound whale
(50:42 / All) AmblingAlp: dead is dead
(50:49 / All) volcanoe-lord: BAD teal
(50:50 / All) volcanoe-lord: bad
(51:04 / All) volcanoe-lord: im gonna whisper purp
(51:19 / All) volcanoe-lord: whisper gordon
(51:22 / All) volcanoe-lord: he is pissed lol
(51:46 / All) AmblingAlp: "stfu noob"
(51:47 / All) AmblingAlp: lol
(52:06 / All) biggie: pinks that one kid that wants to be part of the crew
(52:11 / All) volcanoe-lord: lol
(52:15 / All) AmblingAlp: lawl
(52:19 / All) biggie: chills with the crew but is never really part of it
(52:33 / All) biggie: gets them water and snacks and what not
(52:42 / All) volcanoe-lord: wut if pink is an adult and not a teenager anymore?
(52:47 / All) volcanoe-lord: same thing?
(52:52 / All) biggie: the crew keeps him around but not for his company
(52:54 / All) biggie: same shit
(52:56 / All) biggie: in the office
(53:02 / All) volcanoe-lord: family reunions?
(53:02 / All) biggie: they keep him around to print papers
(53:08 / All) AmblingAlp: Teal is a half baked arm chair psychologist
(53:08 / All) volcanoe-lord: LOL
(53:12 / All) AmblingAlp: He's very observant
(53:17 / All) volcanoe-lord: who do think is right, blue?
(53:19 / All) volcanoe-lord: pink or teal?
(53:44 / All) AmblingAlp: Yellow is my serf
(53:48 / All) AmblingAlp: He's my property
(53:50 / All) Beowulf: I think we seem to have PhDs in kicking his ass and crushing him under our heel and his armchair psychology degree is invalid
(54:01 / All) biggie: wow
(54:01 / All) Beowulf: He probably got it forged
(54:05 / All) biggie: such attempt
(54:09 / All) biggie: try to be smart
(54:12 / All) Beowulf: I have the papers right here to prove my PhDs at crushing him though
(54:15 / All) biggie: keep playing wc
(54:16 / All) volcanoe-lord: im a servant of pink?
(54:24 / All) Beowulf: I have all the evidence on highper.ch
(54:30 / All) biggie: wow
(54:32 / All) biggie: so wc
(54:39 / All) biggie: many skill
(54:45 / All) biggie: good at video games
(54:50 / All) biggie: lord of shibe
(54:53 / All) Beowulf: Go swallow boiling acid and record it for your fellow Redditors as you melt from your insides
(54:58 / All) volcanoe-lord: LOL WTF
(54:59 / All) biggie: wow
(55:01 / All) biggie: much anger
(55:03 / All) volcanoe-lord: who is shibe
(55:04 / All) Beowulf: Your meme shit is the bane of the internet
(55:05 / All) biggie: calm down
(55:08 / All) AmblingAlp: Much repeat funny internet meme
(55:12 / All) Beowulf: I'm perfectly calm
(55:12 / All) biggie: pink
(55:13 / All) AmblingAlp: Much wit to do that
(55:13 / All) biggie: shut up
(55:14 / All) AmblingAlp: good doge
(55:16 / All) biggie: u phoney poser
(55:21 / All) AmblingAlp: such funny internet meme
(55:24 / All) biggie: wow
(55:26 / All) biggie: blue mad
(55:27 / All) AmblingAlp: LE EPIC MAY MAY
(55:31 / All) volcanoe-lord: teal am i the only one here with credility?
(55:34 / All) Beowulf: He has the wit of a retarded 84-year-old dwarf
(55:38 / All) biggie: yelo is a beast
(55:39 / All) AmblingAlp: >2013+1
(55:46 / All) AmblingAlp: >teal in charge of being funny
(55:47 / All) biggie: he was just trying to blizz blue all game
(55:50 / All) Beowulf: ishygddd
(55:53 / All) volcanoe-lord: i get made fun of for beign fat a lot
(55:59 / All) volcanoe-lord: even in m y20's
(56:00 / All) biggie: blue
(56:08 / All) biggie: i bet ur an athlete in real life
(56:10 / All) Beowulf: Refer to me as your superior
(56:15 / All) biggie: u get all the girls
(56:18 / All) Beowulf: Say "Your superior, I wish to make a comment about you"
(56:19 / All) biggie: go to parties
(56:27 / All) biggie: sometimes do drugs hehehehe
(56:29 / All) AmblingAlp: >implying you do
(56:31 / All) Beowulf: Then I may permit you to make it
(56:35 / All) Beowulf: Else I will ignore it
(56:42 / All) biggie: pink no one is tlaking to u pls
(56:44 / All) Beowulf: You must address me properly for me to acknowledge anything you say from now on
(56:54 / All) AmblingAlp: You have no power here
(56:59 / All) biggie: blue u probably beat up nerds in high school
(57:05 / All) biggie: nerds like pink
(57:09 / All) biggie: pink u can talk no
(57:15 / All) volcanoe-lord: wut kid were u like in hs teal?
(57:20 / All) AmblingAlp: I always could talk, I'm King of Battle Net
(57:23 / All) AmblingAlp: Not you scrub
(57:35 / All) biggie: pink pls no moar
(57:38 / All) Beowulf: He was the passive aggressive goth kid insulting everyone in the corner of the class and then crying when he goes home he has
(57:39 / All) AmblingAlp: He was the fat AV kid, fat not but not obese
(57:40 / All) Beowulf: no friends
(57:46 / All) AmblingAlp: not scooter fat until he left HS
(57:49 / All) biggie: blue got it
(57:54 / All) volcanoe-lord: scooter fat LOL
(57:55 / All) Beowulf: and cutting away while pouring tears into his wound
(57:56 / All) biggie: friends not even once
(58:04 / All) biggie: wow
(58:06 / All) biggie: much lonely
(58:06 / All) Beowulf: No friends can be fine if it's voluntary
(58:09 / All) biggie: no friends
(58:11 / All) Beowulf: If it isn't you are a failed human being
(58:11 / All) biggie: no parties
(58:16 / All) volcanoe-lord: what country are u from teal, us?
(58:17 / All) biggie: much drug use
(58:20 / All) biggie: mask the pain
(58:36 / All) biggie: canada
(58:39 / All) Beowulf: He's probably Nigerian because he has an IQ of about 60 which is the average there
(58:44 / All) biggie: wow
(58:46 / All) biggie: low iq
(58:47 / All) Beowulf: ah, a nigerian immigrant gone to Canada
(58:49 / All) biggie: never gonna make it
(58:52 / All) Beowulf: Where in Canada are you from?
(58:53 / All) biggie: no money
(58:59 / All) biggie: ontario
(59:00 / All) Beowulf: what province
(59:02 / All) biggie: hamilton
(59:06 / All) biggie: meet me if u want to
(59:11 / All) Beowulf: If you were on the west coast we could have a fite
(59:15 / All) Beowulf: and get in fisticuffs
(59:25 / All) biggie: i would knock u the fuck out
(59:27 / All) biggie: or wait
(59:28 / All) Beowulf: lawl
(59:29 / All) biggie: lemme guess
(59:32 / All) AmblingAlp: Say that to my face bitch
(59:34 / All) Beowulf: How much do you weigh?
(59:36 / All) Beowulf: Do you work out?
(59:37 / All) biggie: u train MMA dont u
(59:46 / All) volcanoe-lord: i train weight watchers
(59:48 / All) AmblingAlp: I train UFC
(59:48 / All) biggie: pink
(59:51 / All) volcanoe-lord: got a good schedule
(59:52 / All) Beowulf: Are you 6'6" of 300 lbs pure muscle?
(59:55 / All) biggie: i told u what city im from
(60:00 / All) AmblingAlp: I used to train pride
(60:01 / All) biggie: no im 6 4
(60:03 / All) biggie: actually
(60:07 / All) biggie: 210
(60:12 / All) Beowulf: Oh so you're a lanky mutant
(60:15 / All) biggie: no
(60:26 / All) biggie: pretty lean
(60:30 / All) biggie: enough to fuk u up
(60:33 / All) volcanoe-lord: teal if u meet pink and blue again
(60:35 / All) Beowulf: You'd probably collapse from arthritis and knee pain in the middle of the fight at that height
(60:36 / All) volcanoe-lord: wut would be the result
(60:42 / All) biggie: okay blue
(60:51 / All) biggie: ur best wc player
(60:53 / All) biggie: best fiter
(60:55 / All) biggie: best
(60:55 / All) Beowulf: I know I am
(60:57 / All) biggie: bro
(60:58 / All) Beowulf: Thanks man
(60:59 / All) biggie: u r best
(61:03 / All) Beowulf: I agree
(61:04 / All) biggie: wow
(61:05 / All) biggie: so
(61:07 / All) biggie: appreciate
(61:13 / All) biggie: moral rise
(61:17 / All) biggie: morale
(61:19 / All) biggie: risen
(61:20 / All) biggie: ro
(61:20 / All) biggie: to
(61:21 / All) AmblingAlp: was was the most mad player in this game, purple or teal?
(61:21 / All) Beowulf: Did you know what sarcasm was before doge explained it to you?
(61:23 / All) biggie: amounts
(61:24 / All) AmblingAlp: Who*
(61:30 / All) Beowulf: Teal
(61:31 / All) AmblingAlp: Red's the dark horse
(61:32 / All) volcanoe-lord: i didnt see purps chat
(61:33 / All) Beowulf: He's still here
(61:39 / All) Beowulf: He's in rage and his face is red
(61:43 / All) Beowulf: hammering his keys away in all chat
(61:46 / All) Beowulf: trying to insult us
(61:50 / All) biggie: im watching raps game
(61:52 / All) biggie: doesnt matter
(61:56 / All) biggie: i can be here all day
(62:01 / All) volcanoe-lord: wut is rap
(62:10 / All) Beowulf: WHat people do in hip-hop
(62:14 / All) volcanoe-lord: oh
(62:17 / All) volcanoe-lord: i understand
(62:25 / All) volcanoe-lord: i didnt appreciate purple said i spelled volcano wrong
(62:30 / All) biggie: blue add me on facebooj
(62:37 / All) biggie: so i can see the fat nerd u ar
(62:39 / All) Beowulf: facebooj
(62:41 / All) Beowulf: what's that
(62:47 / All) Beowulf: If you mean facebook I don't use it since it's shit
(62:52 / All) Beowulf: 50 gender jew run trash
(62:54 / All) biggie: its a new social network
(63:06 / All) biggie: wgere u cna see all players from wc
(63:13 / All) biggie: cus everyone wants to fite
(63:21 / All) biggie: so they set up real fites
(63:27 / All) AmblingAlp: alt tabbin
(63:33 / All) biggie: shut up u whore
(63:47 / All) Beowulf: When we end it I can end it with an inferno
(63:56 / All) biggie: shut up u fat nerd
(64:00 / All) volcanoe-lord: teal just making sure, why do despise them 2 but like me? i appreciate it either way
(64:01 / All) Beowulf: I'm fit
(64:02 / All) Beowulf: Not fat
(64:12 / All) biggie: pink is aphoney
(64:18 / All) biggie: and blue is a smart ass
(64:22 / All) biggie: ur aight
(64:26 / All) Beowulf: I can confirm I'm both of those
(64:35 / All) volcanoe-lord: im from california and fat
(64:46 / All) biggie: blue
(64:46 / All) volcanoe-lord: and im the least best out of us 3
(64:51 / All) biggie: add me on facebook
(64:53 / All) Beowulf: Yes, whelp?
(64:57 / All) Beowulf: I don't have one
(64:59 / All) Beowulf: It's a shit site
(65:00 / All) biggie: lies
(65:17 / All) Beowulf: I don't hand out all my personal info on a silver platter to NSA and everyone else on social networking
(65:19 / All) biggie: follow me on instagram
(65:26 / All) Beowulf: Are you a 16 year old girl?
(65:35 / All) biggie: yes
(65:41 / All) Beowulf: Do you have a Tumblr too?
(65:51 / All) biggie: yes
(65:58 / All) Beowulf: Are you cis-negative?
(66:03 / All) biggie: yes
(66:09 / All) Beowulf: Are you genderqueer?
(66:26 / All) Beowulf: Are you an otherkin?
(66:30 / All) biggie: lol blue wc is ur domain
(66:32 / All) Beowulf: Do you support LGBTQO rights?
(66:34 / All) biggie: this is where ur the man eh
(66:43 / All) biggie: u think ur crazy eh
(66:50 / All) Beowulf: I imagine you have a lot of experience recognising who is the man considering you'd never be the man
(66:59 / All) Beowulf: important for you to tell who that is to know your status
(67:06 / All) biggie: u probably have comic books and action figures
(67:09 / All) biggie: eh
(67:12 / All) biggie: its okay
(67:20 / All) biggie: im not a virgin so 1 up on u
(67:30 / All) Beowulf: I have neither, but toy army soldiers were the shit growing up
(67:39 / All) biggie: right
(67:50 / All) biggie: when u get ur dick wet ull know what it is to be a man
(67:55 / All) Beowulf: lol
(67:58 / All) Beowulf: What are your hobbies teal?
(68:02 / All) biggie: dont worry
(68:10 / All) biggie: what r urs
(68:12 / All) biggie: fuck bitches
(68:15 / All) biggie: get money
(68:39 / All) Beowulf: Reading, I like to study history, linguistics and anthropology
(68:46 / All) Beowulf: and studying old norse and latin
(68:54 / All) Beowulf: I also hike and like the outdoors
(69:07 / All) biggie: ur just the complete package arent u
(69:16 / All) AmblingAlp: Nikoro is fucking buff
(69:26 / All) Beowulf: I also have a complete package and I'm not a mangina like you
(69:36 / All) biggie: have u seen it
(69:53 / All) AmblingAlp: What's your favorite Batman movie
(69:59 / All) Beowulf: I've seen manginas on Tumblr when looking through the scum of the earth before
(69:59 / All) biggie: bateman
(70:01 / All) volcanoe-lord: dark knight
(70:02 / All) Beowulf: A nasty sight
(70:03 / All) volcanoe-lord: with joker
(70:04 / All) biggie: i liked that one
(70:16 / All) volcanoe-lord: the one with bane sucked
(70:16 / All) AmblingAlp: Fucking pleb
(70:19 / All) AmblingAlp: Batman Begins is the best one
(70:24 / All) biggie: ur the typa loser that goes on tumblr to creep people
(70:25 / All) Beowulf: The map is almost entirely mined out
(70:28 / All) biggie: without an account
(70:31 / All) AmblingAlp: Scarecrow is best villain
(70:38 / All) Beowulf: top left, mid left, mid right, top left, are all that remains and I'm mining all them out
(70:47 / All) volcanoe-lord: hes the guy who plays on 28 days
(70:47 / All) Beowulf: lawl
(70:50 / All) AmblingAlp: lulz
(70:52 / All) AmblingAlp: who should lose